 Dungeon Crawl Stone Soup version 0.21.1-1-g345015f (webtiles) character file.

1281 vatarom the Changer (level 8, -8/54 HPs)
             Began as a Demonspawn Transmuter on May 8, 2018.
             Was a Follower of Makhleb.
             Mangled by an ogre
             ... wielding a +0 giant club
              (24 damage)
             ... on level 5 of the Dungeon.
             The game lasted 00:11:05 (5460 turns).

vatarom the Changer (Demonspawn Transmuter)         Turns: 5460, Time: 00:11:06

Health: -8/54      AC:  8    Str: 12    XL:     8   Next: 29%
Magic:  9/11       EV: 12    Int: 14    God:    Makhleb [*.....]
Gold:   145        SH:  0    Dex: 15    Spells: 1/11 levels left

rFire    . . .     SeeInvis +     - Unarmed
rCold    . . .     Gourm    .   (no shield)
rNeg     . . .     Faith    .   u - +0 leather armour
rPois    .         Spirit   .   f - +2 hat
rElec    .         Reflect  .   (no cloak)
rCorr    .         Harm     .   (no gloves)
MR       .....                  r - +0 pair of boots
Stlth    +.........             (no amulet)
HPRegen  0.18/turn              h - ring of see invisible
MPRegen  0.12/turn              (no ring)

@: no status effects
A: antennae 2, yellow scales 1, spiny 3
a: Renounce Religion


You were on level 5 of the Dungeon.
You worshipped Makhleb.
Makhleb was aware of your devotion.
You were not hungry.

You visited 1 branch of the dungeon, and saw 5 of its levels.

You collected 145 gold pieces.

Inventory:

Missiles
 a - 74 arrows
Armour
 b - a +0 robe
 f - a +2 hat (worn)
 r - a +0 pair of boots (worn)
 u - a +0 leather armour (worn)
Jewellery
 h - a ring of see invisible (left hand)
Wands
 g - a wand of iceblast (9)
 n - a wand of random effects (17)
Scrolls
 e - 5 scrolls of identify
 i - 2 scrolls of blinking {unknown}
 k - 2 scrolls of fear
 l - a scroll of immolation {unknown}
 m - 3 scrolls of magic mapping
 o - 4 scrolls of remove curse
 p - a scroll of teleportation
 v - a scroll of enchant weapon {unknown}
Potions
 j - a potion of brilliance
 q - a potion of berserk rage {unknown}
 s - 2 potions of flight {unknown}
 t - 2 potions of curing
Books
 c - a book of Changes

   Spells                             Type                      Level
   a - Beastly Appendage              Transmutation                1
   b - Sticks to Snakes               Transmutation                2
   c - Spider Form                    Transmutation/Poison         3
   d - Ice Form                       Ice/Transmutation            4
   e - Blade Hands                    Transmutation                5
Comestibles
 d - 9 rations
 w - 4 chunks of flesh


   Skills:
 - Level 1.0 Fighting
 - Level 1.7 Dodging
 + Level 6.1 Unarmed Combat
 - Level 2.0 Spellcasting
 * Level 6.1 Transmutations
 * Level 2.8 Ice Magic
 + Level 4.2 Invocations


You had one spell level left.
You knew the following spells:

 Your Spells              Type           Power        Failure   Level  Hunger
a - Beastly Appendage     Tmut           ###...       2%          1    ##.....
b - Sticks to Snakes      Tmut           ###.....     3%          2    ###....
c - Spider Form           Tmut/Pois      ##........   26%         3    ####...
d - Ice Form              Ice/Tmut       ##......     43%         4    #####..


Dungeon Overview and Level Annotations

Branches:
Dungeon (5/15)
 Temple: D:4-7

Altars:
Elyvilon
Makhleb
Nemelex Xobeh
Uskayaw

Annotations:
D:3 Grinder


Innate Abilities, Weirdness & Mutations

You have a pair of antennae on your head.
You are partially covered in yellow scales. (AC +2)
You are completely covered in sharp spines.


Message History

The ogre is struck by your spines. The ogre barely misses you.
The gnoll is struck by your spines.
You kill the gnoll!
Makhleb accepts your kill. The gnoll hits you with a whip.
You hit the gnoll.
The gnoll is severely wounded.
The ogre is struck by your spines. The ogre hits you with a giant club!!
* * * LOW HITPOINT WARNING * * *
The gnoll is struck by your spines.
You kill the gnoll!
Makhleb accepts your kill.
You feel better.
Unknown command.
Casting: Spider Form
Confirm with . or Enter, or press ? or * to list all spells.
You create a snake!
You now have 74 arrows.
The ogre is struck by your spines. The ogre completely misses you.
The ogre hits you with a giant club!!
You die...

#####.#### #.##
#........###### #..
#....###......# #
#.#
#........####...#
(.
#.....##รทรท......#
...
#........######..
... ########.##
####
#...######.....
#...@O......#
#..S....)##...
#.......)).......
###...........##.
#####.......# ####
###....... ....
#........ ....
#######.# #. .. .##


You could see an ogre and a friendly ball python.

Vanquished Creatures
  Sigmund (D:3)
  Menkaure (D:5)
  A sky beast (D:5)
  A phantom (D:4)
  A bullfrog (D:4)
  2 crimson imps (D:5)
  A bullfrog zombie (D:5)
  2 hounds (D:5)
  2 orc priests (D:3)
  2 orc wizards
  An iguana (D:4)
  Ijyb (D:5)
  3 worker ants
  7 gnolls
  9 adders
  An ooze (D:5)
  4 worms
  An adder skeleton (D:5)
  5 dart slugs
  A leopard gecko (D:4)
  14 orcs
  8 bats
  8 giant cockroaches
  8 hobgoblins
  12 jackals
  9 kobolds
  5 quokkas
  8 frilled lizards
  6 goblins
  11 rats
136 creatures vanquished.

Vanquished Creatures (collateral kills)
  An ogre (D:4)
  An orc (D:3)
2 creatures vanquished.

Vanquished Creatures (others)
  A quokka (D:2)
  A rat (D:2)
2 creatures vanquished.

Grand Total: 140 creatures vanquished

Notes
Turn   | Place    | Note
-------+----------+-------------------------------------------
     0 | D:1      | vatarom the Demonspawn Transmuter began the quest for the Orb.
     0 | D:1      | Reached XP level 1. HP: 15/15 MP: 3/3
   193 | D:1      | Gained mutation: You are partially covered in sharp spines. [demonic ancestry]
   193 | D:1      | Reached XP level 2. HP: 11/21 MP: 3/5
   374 | D:1      | Learned a level 2 spell: Sticks to Snakes
   833 | D:1      | Reached XP level 3. HP: 24/26 MP: 6/6
   979 | D:1      | Learned a level 3 spell: Spider Form
  1347 | D:2      | Found a white marble altar of Elyvilon.
  1519 | D:2      | Gained mutation: You are mostly covered in sharp spines. [demonic ancestry]
  1519 | D:2      | Reached XP level 4. HP: 32/32 MP: 7/7
  1963 | D:3      | Noticed Sigmund
  1970 | D:3      | HP: 1/32 [Sigmund/puff of flame (9)]
  2281 | D:3      | Found a burning altar of Makhleb.
  2344 | D:3      | Killed Sigmund
  2344 | D:3      | Gained mutation: You are partially covered in yellow scales. (AC +2) [demonic ancestry]
  2344 | D:3      | Reached XP level 5. HP: 29/37 MP: 3/8
  2366 | D:3      | Found a hide-covered altar of Uskayaw.
  2367 | D:3      | Noticed a dagger
  2367 | D:3      | Noticed an enchanted hand axe
  2443 | D:3      | Noticed Grinder
  2542 | D:3      | Gained mutation: You have a pair of small antennae on your head. [demonic ancestry]
  2542 | D:3      | Reached XP level 6. HP: 28/43 MP: 5/9
  2698 | D:3      | Found a sparkling altar of Nemelex Xobeh.
  2755 | D:3      | Reached skill level 5 in Unarmed Combat
  3218 | D:3      | Paralysed by Grinder for 6 turns
  3398 | D:3      | Became a worshipper of Makhleb the Destroyer
  3465 | D:4      | Reached skill level 1 in Invocations
  3634 | D:4      | Reached skill level 5 in Transmutations
  3634 | D:4      | Gained mutation: You have a pair of antennae on your head. [demonic ancestry]
  3634 | D:4      | Reached XP level 7. HP: 25/48 MP: 10/10
  4309 | D:4      | Learned a level 4 spell: Ice Form
  4592 | D:4      | Reached * piety under Makhleb
  4846 | D:5      | Entered Level 5 of the Dungeon
  4886 | D:5      | Reached skill level 1 in Ice Magic
  4959 | D:5      | Noticed Ijyb
  4980 | D:5      | Killed Ijyb
  5000 | D:5      | Noticed Menkaure
  5010 | D:5      | Killed Menkaure
  5047 | D:5      | Gained mutation: You are completely covered in sharp spines. [demonic ancestry]
  5047 | D:5      | Reached XP level 8. HP: 26/54 MP: 11/11
  5460 | D:5      | Mangled by an ogre

Skill      XL: |  1  2  3  4  5  6  7  8 |
---------------+-------------------------+-----
Transmutations | 2 3 4 5 6 |  6.1
Unarmed Combat | 3 4 5 6 |  6.1
Invocations    | 2 3 4 |  4.2
Ice Magic      | 2 |  2.8
Fighting       | |  1.0
Dodging        | |  1.7
Spellcasting   | |  2.0

Action                   |  1- 3 |  4- 6 |  7- 9 || total
-------------------------+-------+-------+-------++-------
Melee: Unarmed           |   118 |   167 |   120 ||   405
       Headbutt          |     4 |       |       ||     4
       Kick              |     2 |     2 |       ||     4
       Punch             |     1 |     5 |     4 ||    10
 Cast: Beastly Appendage |     3 |     2 |       ||     5
       Spider Form       |       |     5 |     1 ||     6
       Sticks to Snakes  |       |     2 |     3 ||     5
 Abil: End Transformatio |       |     2 |       ||     2
  Use: Potion            |       |     3 |       ||     3
       Scroll            |       |     7 |       ||     7
 Stab: Sleeping          |     2 |     1 |       ||     3
       Distracted        |       |     1 |       ||     1
  Eat: Chunk             |     2 |     1 |     4 ||     7
       Ration            |       |     2 |     1 ||     3
Armor: Robe              |    22 |    25 |    18 ||    65
       Skin              |       |     1 |       ||     1
       Leather armour    |       |       |     6 ||     6
Dodge: Dodged            |    77 |    98 |    73 ||   248
